SCURSCUM, neutral female scurrid Archeologist --- |..X |.@- `.. SCURSCUM the Digger Experience level: 1 Strength: 15 Dexterity: 9 Constitution: 15 Intelligence: 14 Wisdom: 17 Charisma: 7 Health: 0(12) Energy: 2(2) Def: 2 Gold: 495 Moves: 147 Dungeon seed: rNab36TV_-FNao9S Game ID: SCURSCUM_1498607561 Your Inventory: Coins $ - 495 gold pieces Weapons a - an uncursed +2 bullwhip Armor e - an uncursed +0 leather jacket (being worn) n - an uncursed +0 pair of leather gloves (being worn) Comestibles b - 3 uncursed chestnuts Wands d - an uncursed wand of light (0:14) Tools c - an uncursed pair of lenses f - an uncursed sack g - an uncursed tin opener (alternate weapon; not wielded) h - an uncursed oil lamp (0:1035) Gems q - an uncursed touchstone Spells and supernatural/magical abilities: Name Level Category Fail Memory W - pray for help -- divine ? -- Your skills at the end: Miscellaneous Skills wands [Basic] Weapon Skills whip [Basic] Spellcasting Skills Final Attributes: You were devoutly aligned. You had infravision. You were very stealthy. You were fast. You are dead. Vanquished creatures: a Green-elf a lichen 2 creatures vanquished. Voluntary challenges: You went without food. You did not adorn yourself with jewelry or accessories. You did not cause conflict. You were not invisible. You did not have reflection. You were not displaced. You were an atheist. You never hit with a wielded weapon. You were a pacifist. You did not use tools. You did not use plumbed fixtures. You did not drink any magical draughts. You were illiterate. You never genocided any monsters. You never polymorphed an object. You never changed form. You used no wishes. You never split a pudding. You never wrote Elbereth's name. You never violated your personal moral code. Dungeon overview: The Dungeons of Doom: levels 1 to 31 Level 1 a long staircase Level 2 Level 3 Level 4 Level 5 Level 6 Level 7 Level 8 Level 9 Level 10 Level 11 Level 12 Level 13 Level 14 Level 15 a fountain Level 16 Level 17 Level 18 Level 19 Level 20 Level 21 Level 22 Level 23 Level 24 Level 25 Level 26 Level 27 Level 28 Level 29 Level 30 Level 31 <- You were here History has recorded: On T:1 you entered the Dungeons of Doom to retrieve the Amulet of Yendor! On T:4 you reached level 2 of The Dungeons of Doom. On T:6 you reached level 3 of The Dungeons of Doom. On T:8 you reached level 4 of The Dungeons of Doom. On T:12 you reached level 5 of The Dungeons of Doom. On T:14 you reached level 6 of The Dungeons of Doom. On T:17 you reached level 7 of The Dungeons of Doom. On T:20 you reached level 8 of The Dungeons of Doom. On T:23 you reached level 9 of The Dungeons of Doom. On T:25 you reached level 10 of The Dungeons of Doom. On T:28 you reached level 11 of The Dungeons of Doom. On T:31 you reached level 12 of The Dungeons of Doom. On T:33 you reached level 13 of The Dungeons of Doom. On T:38 you reached level 14 of The Dungeons of Doom. On T:40 you reached level 15 of The Dungeons of Doom. On T:43 you reached level 16 of The Dungeons of Doom. On T:46 you reached level 17 of The Dungeons of Doom. On T:46 you entered the Rogue tribute level. On T:49 you reached level 18 of The Dungeons of Doom. On T:52 you reached level 19 of The Dungeons of Doom. On T:54 you reached level 20 of The Dungeons of Doom. On T:57 you reached level 21 of The Dungeons of Doom. On T:60 you reached level 22 of The Dungeons of Doom. On T:63 you reached level 23 of The Dungeons of Doom. On T:66 you reached level 24 of The Dungeons of Doom. On T:69 you reached level 25 of The Dungeons of Doom. On T:72 you reached level 26 of The Dungeons of Doom. On T:74 you reached level 27 of The Dungeons of Doom. On T:77 you reached level 28 of The Dungeons of Doom. On T:80 you reached level 29 of The Dungeons of Doom. On T:83 you reached level 30 of The Dungeons of Doom. On T:85 you reached The Castle. Score breakdown: Gold: 495 ( 49 points) Experience: 1 level ( 0 points) Exploration: 31 levels ( 900 points) Discoveries: 0 items ( 0 points) Variety of kills: 2 monsters ( 100 points) Major goal: (nothing yet) ( 0 points) Survival: died (score multiplied by 3) Total score: 3147 Latest messages: The floor here is too hard to dig in. You continue digging downward. The floor here is too hard to dig in. You continue digging downward. The floor here is too hard to dig in. You continue digging downward. The floor here is too hard to dig in. You continue digging downward. The floor here is too hard to dig in. You continue digging downward. The floor here is too hard to dig in. You continue digging downward. The floor here is too hard to dig in. You continue digging downward. The floor here is too hard to dig in. You continue digging downward. The floor here is too hard to dig in. The xorn claws you! (3x) The xorn bites! You die... The sack is empty. The sack is empty. Final status: Goodbye SCURSCUM the Archeologist, killed by a xorn... You died in The Dungeons of Doom on dungeon level 31 with 3147 points, and 495 pieces of gold, after 147 moves. You were level 1 with a maximum of 12 hit points when you died.